[Event "Titled Tuesday Blitz October 04 Late 2022"]
[White "Howell, David W L"]
[Black "Zakhartsov, Vladimir"]
[WhiteFideId "410608"]
[BlackFideId "4145097"]
[WhiteElo "2567"]
[BlackElo "2492"]
[Result "1/2-1/2"]
[Round "07"]
[TimeControl "180+1"]
[Date "2022.10.04"]
[WhiteClock "0:00:07"]
[BlackClock "0:00:04"]

1. d4 Nf6 2. Nf3 d5 3. g3 g6 4. Bg2 Bg7 5. c4 c6 6. b3 O-O 7. Bb2 Bf5 8. O-O Nbd7 9. e3 Ne4 10. Qe2 Ndf6 11. Ne5 Nd7 12. Nf3 Ndf6 13. Ne5 Nd7 14. Nd3 Ndf6 15. Rc1 h5 16. Ne5 Nd7 17. Nd3 Ndf6 18. f3 Ng5 19. Nd2 Re8 20. Nf2 Bh6 21. Re1 Qd7 22. Qf1 Ngh7 23. Rad1 Bc2 24. Rc1 Bf5 25. Rcd1 Bc2 26. Rc1 Bf5 27. Nd3 Bxd3 28. Qxd3 e6 29. Rcd1 Rad8 30. e4 dxe4 31. fxe4 e5 32. d5 Bf8 33. Re2 Ng5 34. Kh1 Ng4 35. Rf1 Bc5 36. h3 Nh6 37. Kh2 Nh7 38. Nf3 f6 39. Nh4 Kg7 40. Qf3 Rf8 41. Rd2 Ng5 42. Qe2 Qe7 43. Rfd1 Bb4 44. Rd3 Nhf7 45. Bc1 Bc5 46. Bd2 Bd4 47. Qxh5 Nh8 48. Qe2 c5 49. Rf1 Nhf7 50. Qh5 Nh8 51. Qg4 Nhf7 52. Bc1 Rh8 53. Qf5 Rh6 54. Qg4 Nd6 55. Bxg5 fxg5 56. Nf3 Rh5 57. Kh1 Ne8 58. Rd2 Nf6 59. Qe6 Qxe6 60. dxe6 g4 61. Nh2 gxh3 62. Bf3 Rhh8 63. Ng4 Rde8 64. Nxf6 Kxf6 65. Bg4+ Kg5 66. Bd1 Rxe6 67. Kh2 Rf6 68. Rxf6 Kxf6 69. Rd3 Kg5 70. Rf3 Rd8 71. Kxh3 Rd7 72. Be2 b6 73. Kg2 Bb2 74. Rd3 Bd4 75. Rf3 Bb2 76. Rd3 Bd4 77. Rf3 1/2-1/2


[Site "https://www.chess.com"]

[Event "Titled Tuesday Blitz October 04 Late 2022"]
[White "Hristodoulou, Panagiotis"]
[Black "Leiva, Gianmarco"]
[WhiteFideId "4214340"]
[BlackFideId "3804399"]
[WhiteElo "2272"]
[BlackElo "2285"]
[Result "1/2-1/2"]
[Round "07"]
[TimeControl "180+1"]
[Date "2022.10.04"]
[WhiteClock "0:00:20"]
[BlackClock "0:00:07"]

1. e4 c5 2. Nf3 d6 3. d4 cxd4 4. Nxd4 Nf6 5. Nc3 a6 6. Be2 e5 7. Nf3 Be7 8. Bg5 Be6 9. Bxf6 Bxf6 10. O-O Be7 11. Nd5 O-O 12. Bc4 Nd7 13. Re1 Nb6 14. Bb3 Rc8 15. Nxb6 Qxb6 16. Qd2 Rfd8 17. Red1 Qc6 18. Re1 Qc5 19. c3 a5 20. Rad1 a4 21. Bd5 a3 22. bxa3 Qxc3 23. Bxb7 Qxd2 24. Rxd2 Rc3 25. a4 Rb8 26. Bd5 Ra3 27. Bxe6 fxe6 28. Rc1 Rxa4 29. Re2 Rbb4 30. Rce1 Ra3 31. h3 Rba4 32. Ra1 Bd8 33. Rc2 Be7 34. Rb1 Ra7 35. Rbb2 Kf7 36. Nd2 R3a4 37. f3 R4a6 38. Nc4 Ra4 39. Kh1 R4a6 40. Ne3 h5 41. Nc4 h4 42. Ne3 Bg5 43. Nc4 Bf4 44. Rd2 Ke7 45. Rdc2 Rc7 46. Kg1 Rac6 47. Na3 Be3+ 48. Kf1 Bc1 49. Rxc6 Rxc6 50. Rc2 Ra6 51. Nc4 Bf4 52. Ke2 d5 53. Nb2 Ra3 54. Nd3 Bg3 55. Kd2 Kd6 56. Rb2 Ra4 57. Ke3 Bf4+ 58. Nxf4 d4+ 59. Kd3 exf4 60. Rb6+ Ke5 61. Rb2 Ra3+ 62. Kd2 Kd6 63. Ke2 e5 64. Kd2 Kc5 65. Rc2+ Kb4 66. Rb2+ Kc4 67. Rc2+ Kb5 68. Rb2+ Kc6 69. Ke1 Kc5 70. Kd2 d3 71. Rb3 Rxb3 72. axb3 Kb4 73. Kxd3 Kxb3 74. Ke2 Kc2 75. Kf2 Kd2 76. Kg1 Ke1 77. Kh2 Kf2 78. Kh1 Kf1 79. Kh2 Ke2 80. Kg1 Ke3 81. Kf1 Kd3 82. Ke1 Kd4 83. Kd2 Kc4 84. Kc2 Kb4 85. Kd3 Kb3 86. Kd2 Kb2 87. Kd3 Kb3 1/2-1/2


[Site "https://www.chess.com"]

[Event "Titled Tuesday Blitz October 04 Late 2022"]
[White "Indjic, Aleksandar"]
[Black "Jobava, Baadur"]
[WhiteFideId "911925"]
[BlackFideId "13601520"]
[WhiteElo "2592"]
[BlackElo "2582"]
[Result "1/2-1/2"]
[Round "07"]
[TimeControl "180+1"]
[Date "2022.10.04"]
[WhiteClock "0:00:10"]
[BlackClock "0:00:12"]

1. d4 Nf6 2. c4 c5 3. d5 g6 4. Nc3 d6 5. e4 Bg7 6. Nf3 O-O 7. h3 e6 8. Bd3 exd5 9. cxd5 Re8 10. O-O a6 11. a4 Nbd7 12. Re1 Nh5 13. Be2 Nhf6 14. Qc2 Ne5 15. Nxe5 Rxe5 16. Bf4 Re8 17. Bh2 Qc7 18. Bc4 Nd7 19. f4 Rb8 20. Kh1 h5 21. Rad1 Qd8 22. e5 dxe5 23. d6 Nb6 24. Nd5 Bf5 25. Qb3 Nxc4 26. Qxc4 Qxd6 27. fxe5 Qc6 28. e6 b5 29. Qh4 Rb7 30. Nf6+ Bxf6 31. Qxf6 fxe6 32. Be5 Kh7 33. Rd8 Rxd8 34. Qxd8 Rg7 35. Qf8 Qd7 36. a5 Rg8 37. Qf6 b4 38. Kh2 c4 39. Re2 c3 40. bxc3 b3 41. c4 Bc2 42. c5 Qe8 43. Rf2 g5 44. c6 Rg6 45. Qf7+ Qxf7 46. Rxf7+ Kh6 47. c7 Rg8 48. Rd7 Rc8 49. Re7 Kg6 50. g4 hxg4 51. hxg4 Be4 52. Rxe6+ Kf7 53. Rb6 Ke7 54. Rxa6 b2 55. Bxb2 Rxc7 56. Be5 Rc2+ 57. Kh3 Bd3 58. Rb6 Bf1+ 59. Kg3 Rg2+ 60. Kf3 Ra2 61. Bf6+ Kf7 62. a6 Rxa6 63. Rxa6 Bxa6 64. Bxg5 Bc8 65. Kf4 Bxg4 1/2-1/2


[Site "https://www.chess.com"]

[Event "Titled Tuesday Blitz October 04 Late 2022"]
[White "Kollars, Dmitrij"]
[Black "Martinez Alcantara, Jose Eduardo"]
[WhiteFideId "12909572"]
[BlackFideId "3805662"]
[WhiteElo "2584"]
[BlackElo "2703"]
[Result "0-1"]
[Round "07"]
[TimeControl "180+1"]
[Date "2022.10.04"]
[WhiteClock "0:00:01"]
[BlackClock "0:00:21"]

1. e4 e5 2. Nf3 Nf6 3. Nc3 Nc6 4. d4 exd4 5. Nxd4 Bb4 6. Nxc6 bxc6 7. Bd3 O-O 8. O-O Re8 9. Qf3 h6 10. Bf4 d6 11. h3 Rb8 12. Rad1 Nd7 13. Qg3 Qf6 14. Na4 Ne5 15. Be3 c5 16. b3 Nxd3 17. cxd3 Bd7 18. d4 c4 19. e5 Qg6 20. Qxg6 fxg6 21. exd6 cxd6 22. d5 cxb3 23. axb3 Bb5 24. Bxa7 Rb7 25. Bd4 Bxf1 26. Kxf1 Ba5 27. Nb2 Rxb3 28. g3 Bc3 29. Nc4 Bxd4 30. Rxd4 Rd8 31. Ne3 Rb2 32. Ke1 Rf8 33. Nd1 Ra2 34. Re4 Rf5 35. Re6 Rxd5 36. Ne3 Rd4 37. Rxg6 Ra5 38. Re6 Kf7 39. Nc2 Rc4 40. Re2 Ra2 41. Ne3 Rc1+ 42. Nd1 Rxe2+ 43. Kxe2 Ke6 44. Kd2 Rc8 45. Kd3 Ra8 46. Nc3 Ra1 47. Ne4 g5 48. Ke3 Ke5 49. f4+ gxf4+ 50. gxf4+ Ke6 51. Kf3 d5 52. Nc5+ Kf5 53. Nd3 d4 54. Ke2 Ra3 55. Nc5 Rxh3 56. Kd2 Kxf4 0-1


[Site "https://www.chess.com"]

[Event "Titled Tuesday Blitz October 04 Late 2022"]
[White "Kozak, Adam"]
[Black "Brodowski, Piotr"]
[WhiteFideId "753246"]
[BlackFideId "1124480"]
[WhiteElo "2459"]
[BlackElo "2361"]
[Result "0-1"]
[Round "07"]
[TimeControl "180+1"]
[Date "2022.10.04"]
[WhiteClock "0:00:43"]
[BlackClock "0:01:21"]

1. d4 d6 2. c4 e5 3. Nc3 exd4 4. Qxd4 Nc6 5. Qe3+ Be6 6. h4 g6 7. h5 Bg7 8. Nh3 Qd7 9. Ng5 O-O-O 10. Nxe6 fxe6 11. g3 gxh5 12. Bd2 Bh6 13. Qd3 Nb4 14. Qe4 Nf6 15. Qf3 Bxd2+ 16. Kxd2 d5 17. c5 Rhf8 18. Kc1 Ng4 19. Qg2 Rxf2 20. Qg1 Qf7 21. Bh3 Qg6 22. e4 Nd3+ 23. Kd1 Ne3# 0-1


[Site "https://www.chess.com"]

[Event "Titled Tuesday Blitz October 04 Late 2022"]
[White "Lazavik, Denis"]
[Black "Ivanisevic, Ivan"]
[WhiteFideId "13515110"]
[BlackFideId "912417"]
[WhiteElo "2437"]
[BlackElo "2582"]
[Result "1-0"]
[Round "07"]
[TimeControl "180+1"]
[Date "2022.10.04"]
[WhiteClock "0:01:01"]
[BlackClock "0:00:18"]

1. d4 Nf6 2. c4 c5 3. d5 e6 4. Nc3 exd5 5. cxd5 d6 6. Nf3 g6 7. h3 Bg7 8. Bf4 O-O 9. e3 Ne8 10. Be2 Nd7 11. O-O Ne5 12. Nd2 a6 13. a4 b6 14. Rb1 f5 15. Qc2 g5 16. Bh2 f4 17. Nce4 Ra7 18. b4 Raf7 19. bxc5 bxc5 20. Rb8 h6 21. Bh5 Rb7 22. Rxb7 Bxb7 23. Bxe8 fxe3 24. Bc6 Bxc6 25. dxc6 exd2 26. Qxd2 d5 27. Nxc5 Nc4 28. Qd3 Nb2 29. Qc2 Qc8 30. Nd7 Rf7 31. Nb6 1-0


[Site "https://www.chess.com"]

[Event "Titled Tuesday Blitz October 04 Late 2022"]
[White "Lewtak, Damian"]
[Black "Tang, Andrew"]
[WhiteFideId "1141724"]
[BlackFideId "2059630"]
[WhiteElo "2329"]
[BlackElo "2581"]
[Result "0-1"]
[Round "07"]
[TimeControl "180+1"]
[Date "2022.10.04"]
[WhiteClock "0:00:13"]
[BlackClock "0:00:29"]

1. e4 e5 2. Nf3 Nc6 3. Bb5 g6 4. h4 Nf6 5. Nc3 d6 6. d4 exd4 7. Nxd4 Bd7 8. Nxc6 bxc6 9. Be2 h6 10. Be3 Bg7 11. O-O O-O 12. g3 Re8 13. Bf3 h5 14. Re1 Qb8 15. Rb1 Ng4 16. Bxg4 Bxg4 17. Qd2 Qb4 18. Bh6 Bh8 19. Qf4 Re6 20. a3 Qc4 21. Bg5 Rae8 22. f3 Be5 23. Qd2 Bxf3 24. Rf1 Bxe4 25. Nxe4 Qxe4 26. Kh2 Bxg3+ 27. Kxg3 Qg4+ 28. Kh2 Re2+ 0-1


[Site "https://www.chess.com"]

[Event "Titled Tuesday Blitz October 04 Late 2022"]
[White "Makarian, Rudik"]
[Black "Bilych, Olexiy"]
[WhiteFideId "44105681"]
[BlackFideId "14156504"]
[WhiteElo "2405"]
[BlackElo "2320"]
[Result "0-1"]
[Round "07"]
[TimeControl "180+1"]
[Date "2022.10.04"]
[WhiteClock "0:00:54"]
[BlackClock "0:00:23"]

1. c4 e5 2. Nc3 Nf6 3. Nf3 Nc6 4. d3 d5 5. cxd5 Nxd5 6. e4 Nf6 7. Be2 Bc5 8. O-O h6 9. a3 O-O 10. b4 Bb6 11. Na4 Bg4 12. Nxb6 axb6 13. Bb2 Bxf3 14. Bxf3 Nd4 15. Rc1 c6 16. Bg4 Qd6 17. g3 Rad8 18. Bh3 Ne6 19. Bxe6 Qxe6 20. Qe2 Qd6 21. Rcd1 Qe6 22. f4 exf4 23. gxf4 Qg4+ 24. Qg2 Qxg2+ 25. Kxg2 Ng4 26. Kf3 Nxh2+ 27. Ke3 Nxf1+ 28. Rxf1 f5 29. Rg1 Rd7 30. Bd4 Rfd8 31. Bf6 Rxd3+ 32. Ke2 Rd2+ 33. Ke3 R8d3# 0-1


[Site "https://www.chess.com"]

[Event "Titled Tuesday Blitz October 04 Late 2022"]
[White "Melkumyan, Hrant"]
[Black "Nepomniachtchi, Ian"]
[WhiteFideId "13302485"]
[BlackFideId "4168119"]
[WhiteElo "2604"]
[BlackElo "2781"]
[Result "1-0"]
[Round "07"]
[TimeControl "180+1"]
[Date "2022.10.04"]
[WhiteClock "0:00:10"]
[BlackClock "0:00:06"]

1. Nf3 d5 2. e3 Nf6 3. c4 e6 4. Nc3 c5 5. cxd5 exd5 6. d4 Nc6 7. Bb5 cxd4 8. Nxd4 Bd7 9. Nf3 Be6 10. O-O Bd6 11. b3 O-O 12. Bxc6 bxc6 13. Bb2 Bg4 14. Ne2 Bxf3 15. gxf3 Nd7 16. Ng3 Be5 17. Bxe5 Nxe5 18. f4 Ng6 19. Rc1 Qf6 20. Qc2 Rac8 21. Qf5 Qd6 22. Rfd1 Rfe8 23. Ne4 Qe7 24. Ng3 Nh4 25. Qg4 g6 26. Rxd5 Nf3+ 27. Kg2 Qh4 28. Rg5 f6 29. Rxg6+ hxg6 30. Qxg6+ Kh8 31. Kxf3 Rg8 32. Qf5 Rc7 33. Rc5 Rh7 34. Rxc6 Rh6 35. h3 Rhg6 36. Qh5+ Qxh5+ 37. Nxh5 f5 38. Rc5 Rf8 39. Ng3 Rgf6 40. Ra5 R8f7 41. h4 Kh7 42. Ne2 Kg6 43. Ng3 Kh7 44. h5 Kh6 45. b4 Kh7 46. a4 Kh6 47. Re5 Kh7 48. b5 Kh6 49. a5 Kh7 50. Kg2 Kh6 51. Kh3 Kh7 52. Kh4 Kh6 53. Rd5 Rf8 54. Rd7 R8f7 55. Rd8 Rf8 56. Rd5 R8f7 57. Kh3 Rf8 58. Kg2 R8f7 59. Kf1 Kh7 60. Ke2 Kh6 61. Rd4 Kh7 62. Rb4 Rb7 63. Kf3 Kh6 64. Rb1 Kg7 65. Ne2 Rh6 66. Nd4 Kf6 67. Rc1 Rxh5 68. a6 Rbh7 69. Rc6+ Kf7 70. b6 axb6 71. Rxb6 Rh8 72. a7 Ra8 73. Nb5 Rhh8 74. Ra6 Rh3+ 75. Ke2 Rhh8 76. Nc7 1-0


[Site "https://www.chess.com"]

[Event "Titled Tuesday Blitz October 04 Late 2022"]
[White "Nakamura, Hikaru"]
[Black "Vazquez, Guillermo"]
[WhiteFideId "2016192"]
[BlackFideId "3702308"]
[WhiteElo "2909"]
[BlackElo "2543"]
[Result "1-0"]
[Round "07"]
[TimeControl "180+1"]
[Date "2022.10.04"]
[WhiteClock "0:00:58"]
[BlackClock "0:00:07"]

1. Nf3 d5 2. g3 Nc6 3. d4 Bf5 4. a3 e6 5. Bg2 Be7 6. Nbd2 Nf6 7. b3 O-O 8. Bb2 h6 9. c4 Ne4 10. O-O Bf6 11. e3 Re8 12. Rc1 a5 13. cxd5 exd5 14. Qe2 Nxd2 15. Qxd2 Be4 16. Qd1 Qd6 17. Bh3 Bh7 18. Ne1 Ne7 19. Nd3 c6 20. Nc5 Qc7 21. Nd7 Qd6 22. Nxf6+ Qxf6 23. a4 Nf5 24. Qf3 Qg5 25. Ba3 Nh4 26. Qg4 Bf5 27. Qxg5 hxg5 28. Bxf5 Nxf5 29. h3 f6 30. Kg2 Kf7 31. Rc3 Ke6 32. g4 Nd6 33. f3 Kd7 34. Rb1 Ra6 35. Bc1 b5 36. axb5 Nxb5 37. Rc2 a4 38. bxa4 Rxa4 39. Rcb2 Rc4 40. Bd2 Ra8 41. Rc1 Rxc1 42. Bxc1 Ra1 43. Bd2 Rd1 44. Bb4 g6 45. Ra2 Rb1 46. Bf8 Rb3 47. Kf2 Ke8 48. Ra8+ Kf7 49. Bc5 Rb2+ 50. Kf1 Rb3 51. Ke2 Rb2+ 52. Kd3 Rb3+ 53. Kd2 Rb2+ 54. Kc1 Rb3 55. Rf8+ Ke6 56. Re8+ Kf7 57. Re7+ Kg8 58. Kc2 Rc3+ 59. Kd2 Rb3 60. Re6 Kf7 61. Rxc6 Rb2+ 62. Kd3 Rb3+ 63. Ke2 Nc3+ 64. Kd2 1-0


[Site "https://www.chess.com"]

[Event "Titled Tuesday Blitz October 04 Late 2022"]
[White "Nasuta, Grzegorz"]
[Black "Andreikin, Dmitry"]
[WhiteFideId "1141686"]
[BlackFideId "4158814"]
[WhiteElo "2442"]
[BlackElo "2736"]
[Result "0-1"]
[Round "07"]
[TimeControl "180+1"]
[Date "2022.10.04"]
[WhiteClock "0:00:04"]
[BlackClock "0:02:11"]

1. e4 e6 2. d4 d5 3. Nc3 Bb4 4. exd5 exd5 5. Bd3 Nf6 6. Ne2 O-O 7. O-O c6 8. Ng3 Re8 9. Nce2 Bg4 10. f3 Bh5 11. Nf4 Bg6 12. Nxg6 fxg6 13. c3 Bd6 14. f4 Nbd7 15. Qf3 c5 16. f5 cxd4 17. fxg6 Ne5 18. gxh7+ Kh8 19. Qd1 dxc3 20. bxc3 Qb6+ 21. Kh1 Nfg4 22. Be2 Nf2+ 23. Rxf2 Qxf2 24. Qxd5 Ng4 25. Bd2 Bxg3 26. Bxg4 Rad8 27. Bd7 Re2 28. hxg3 Rxd2 0-1


[Site "https://www.chess.com"]

[Event "Titled Tuesday Blitz October 04 Late 2022"]
[White "Pacan-Milej, Kosma"]
[Black "miragha_yev"]
[WhiteFideId "21800537"]
[WhiteElo "2302"]
[BlackElo "2779"]
[Result "0-1"]
[Round "07"]
[TimeControl "180+1"]
[Date "2022.10.04"]
[WhiteClock "0:00:34"]
[BlackClock "0:01:43"]

1. d4 f5 2. Nf3 Nf6 3. g3 g6 4. Bg2 Bg7 5. O-O Kf8 6. Nbd2 h6 7. Re1 d5 8. Ne5 Qe8 9. c4 c6 10. cxd5 cxd5 11. Qb3 Nc6 12. e3 Kg8 13. Ndf3 Kh7 14. Bd2 Ne4 15. Bb4 e6 16. Rac1 Bd7 17. Nxc6 Bxc6 18. Ne5 Bxe5 19. dxe5 Qd7 20. Qa3 Rhc8 21. Be7 Re8 22. Bb4 Rec8 23. h4 Qg7 24. Bd6 g5 25. hxg5 hxg5 26. Bxe4 fxe4 27. Be7 Qxe5 28. Kg2 Kg6 29. Qd6 Qf5 30. Rh1 Rh8 0-1


[Site "https://www.chess.com"]

[Event "Titled Tuesday Blitz October 04 Late 2022"]
[White "Pichot, Alan"]
[Black "Machidon, Cristi"]
[WhiteFideId "110973"]
[BlackFideId "13904590"]
[WhiteElo "2578"]
[BlackElo "2312"]
[Result "1-0"]
[Round "07"]
[TimeControl "180+1"]
[Date "2022.10.04"]
[WhiteClock "0:02:04"]
[BlackClock "0:01:43"]

1. Nf3 d5 2. e3 c6 3. c4 Nf6 4. b3 g6 5. Bb2 Bg7 6. Be2 O-O 7. O-O a5 8. a3 Bg4 9. d4 Ne4 10. Nbd2 Nxd2 11. Qxd2 e6 12. h3 Bxf3 13. Bxf3 Qb6 14. Qc2 Nd7 15. c5 Qc7 16. Be2 e5 17. Bd3 exd4 18. exd4 Qf4 19. g3 Qc7 20. Rfe1 Rfe8 21. Kg2 Nf8 22. Bc3 Ne6 23. Qb2 Re7 24. Re2 Rae8 25. Rae1 h5 26. h4 b6 27. b4 Kf8 28. cxb6 Qxb6 29. bxa5 Qxb2 30. Bxb2 Bxd4 31. Bxd4 Nxd4 32. Rxe7 Rxe7 33. Rxe7 Kxe7 34. a6 1-0


[Site "https://www.chess.com"]

[Event "Titled Tuesday Blitz October 04 Late 2022"]
[White "Sarana, Alexey"]
[Black "Rasulov, Vugar"]
[WhiteFideId "24133795"]
[BlackFideId "13402390"]
[WhiteElo "2689"]
[BlackElo "2509"]
[Result "1-0"]
[Round "07"]
[TimeControl "180+1"]
[Date "2022.10.04"]
[WhiteClock "0:00:22"]
[BlackClock "0:00:14"]

1. d4 Nf6 2. c4 e6 3. Nc3 Bb4 4. e3 O-O 5. Bd3 d5 6. a3 Bxc3+ 7. bxc3 dxc4 8. Bxc4 c5 9. Ne2 Qc7 10. Bd3 e5 11. O-O Rd8 12. Ng3 b6 13. f4 exd4 14. cxd4 Nc6 15. Qc2 Be6 16. Bb2 Na5 17. e4 Bb3 18. Qc3 Rxd4 19. Rae1 Rad8 20. Bb1 Bc4 21. Rf2 Rd1 22. Bc2 Rxe1+ 23. Qxe1 Qd7 24. Bc3 Nc6 25. Nf5 Nd4 26. Rd2 Nxc2 27. Qg3 Nh5 28. Rxd7 Rxd7 29. Qg4 f6 30. Nh6+ 1-0


[Site "https://www.chess.com"]

[Event "Titled Tuesday Blitz October 04 Late 2022"]
[White "Sorokin, Aleksey"]
[Black "Tanenbaum, Zachary"]
[WhiteFideId "24176460"]
[BlackFideId "2060850"]
[WhiteElo "2476"]
[BlackElo "2175"]
[Result "1-0"]
[Round "07"]
[TimeControl "180+1"]
[Date "2022.10.04"]
[WhiteClock "0:00:54"]
[BlackClock "0:00:12"]

1. e4 e5 2. Nf3 Nc6 3. Bb5 a6 4. Ba4 d6 5. O-O Nf6 6. Re1 Be7 7. c3 O-O 8. h3 b5 9. Bb3 Nb8 10. d4 Nbd7 11. Nbd2 Bb7 12. a3 h6 13. Bc2 Re8 14. b3 Bf8 15. Bb2 g6 16. d5 c6 17. c4 cxd5 18. cxd5 Rc8 19. b4 Qb6 20. Nb3 Nh5 21. Bc1 Nf4 22. Be3 Qd8 23. Qd2 Qf6 24. Bd1 Rc7 25. Rc1 Rxc1 26. Nxc1 Rc8 27. Nb3 Rc4 28. Na5 Rc7 29. Kh2 g5 30. Ng1 Qg6 31. g3 Nh5 32. Bg4 Ng7 33. Rc1 Rxc1 34. Qxc1 Nf6 35. Nxb7 Nxg4+ 36. hxg4 Qxe4 37. Qd1 Ne8 38. Qf3 Qxf3 39. Nxf3 Nf6 40. Nd2 Nxg4+ 41. Kg2 Nf6 42. Ba7 Nxd5 43. Bb8 f6 44. Bxd6 Bxd6 45. Nxd6 h5 46. N2e4 Kf8 47. Nc5 Ke7 48. Nf5+ Kf7 49. Nxa6 Kg6 50. Ne3 Nc3 51. Nc7 f5 52. Ned5 Na4 53. Nxb5 f4 54. Nbc3 Kf5 55. Nxa4 g4 56. Nac3 f3+ 57. Kg1 1-0


[Site "https://www.chess.com"]

[Event "Titled Tuesday Blitz October 04 Late 2022"]
[White "Svane, Rasmus"]
[Black "Barria Zuniga, Daniel"]
[WhiteFideId "4657101"]
[BlackFideId "3400816"]
[WhiteElo "2674"]
[BlackElo "2414"]
[Result "1-0"]
[Round "07"]
[TimeControl "180+1"]
[Date "2022.10.04"]
[WhiteClock "0:00:58"]
[BlackClock "0:00:01"]

1. Nf3 d5 2. g3 e6 3. Bg2 Nf6 4. O-O Be7 5. c4 O-O 6. b3 b6 7. d4 Bb7 8. Nc3 Qc8 9. Bb2 Rd8 10. cxd5 Nxd5 11. Rc1 Nd7 12. Qc2 N7f6 13. Qb1 a6 14. Rfd1 Qb8 15. Na4 Nb4 16. a3 Be4 17. Qa1 Nbd5 18. Ne5 Bxg2 19. Kxg2 Qb7 20. Kg1 Bd6 21. Nc6 Re8 22. Qb1 Ne7 23. Qc2 Qxc6 24. Qxc6 Nxc6 25. Rxc6 Red8 26. Rdc1 Kf8 27. f3 Nd5 28. e4 Ne7 29. R6c2 b5 30. Nc5 Bxc5 31. Rxc5 c6 32. Kf2 f6 33. g4 Kf7 34. h4 Rd7 35. R1c2 Rad8 36. Ke3 Rd6 37. h5 R6d7 38. Rd2 Rd6 39. Bc3 R6d7 40. Bb4 Rb8 41. Rc1 Rc8 42. Rdc2 Rdc7 43. Bd6 Rd7 44. Bxe7 Kxe7 45. Rxc6 Rxc6 46. Rxc6 Ra7 47. d5 exd5 48. exd5 Kd7 49. h6 gxh6 50. Rxf6 Ke7 51. Rxh6 Kf8 52. Kd4 Rf7 53. Ke4 Re7+ 54. Kf5 Rc7 55. Rxa6 Rc3 56. f4 Rxb3 57. Kf6 1-0


[Site "https://www.chess.com"]

[Event "Titled Tuesday Blitz October 04 Late 2022"]
[White "Timmermans, Mark"]
[Black "Guzman, Christopher"]
[WhiteFideId "1026399"]
[BlackFideId "6405096"]
[WhiteElo "2460"]
[BlackElo "2272"]
[Result "1/2-1/2"]
[Round "07"]
[TimeControl "180+1"]
[Date "2022.10.04"]
[WhiteClock "0:00:12"]
[BlackClock "0:00:20"]

1. b4 Nf6 2. Bb2 e6 3. b5 d5 4. e3 Be7 5. c4 O-O 6. Nf3 c6 7. a4 dxc4 8. Bxc4 cxb5 9. axb5 Nbd7 10. O-O b6 11. d4 Bb7 12. Nbd2 Ne4 13. Nxe4 Bxe4 14. Nd2 Bb7 15. Be2 Nf6 16. Bf3 Bxf3 17. Nxf3 Qd5 18. Qe2 Rfc8 19. Ne5 Bd6 20. Rfc1 Rxc1+ 21. Rxc1 Bxe5 22. dxe5 Ne4 23. Rd1 Qb3 24. Qd3 Qxd3 25. Rxd3 Nc5 26. Rd6 h6 27. h4 Rc8 28. Ba3 h5 29. Rc6 Rb8 30. Rc7 a5 31. Kf1 Rb7 32. Rc6 Kh7 33. Ke2 Kg6 34. f4 Kf5 35. Kf3 Ne4 36. Bc1 Nc5 37. Bd2 Ne4 38. Be1 Nc5 39. Bxa5 bxa5 40. Rxc5 a4 41. Rc4 Rxb5 42. Rxa4 Rb2 43. Ra8 Kg6 44. Rh8 Rb3 45. Rd8 Ra3 46. Rd1 Ra2 47. Rg1 Ra3 48. g4 hxg4+ 49. Rxg4+ Kh6 50. Rg1 Ra4 51. Rc1 g6 52. Rc7 Kg7 53. Rc3 Rb4 54. Kg4 Rb1 55. Rc2 Rg1+ 56. Kf3 Rh1 57. Kg3 Re1 58. Rc3 Rg1+ 59. Kh2 Re1 60. Kg2 Kg8 61. Kf2 Rh1 62. Kg3 Rg1+ 63. Kh2 Re1 64. Kg2 Kg7 65. Rd3 Kg8 66. Rc3 Kg7 67. Kg3 Kg8 68. Kh3 Kg7 69. Kg3 1/2-1/2


[Site "https://www.chess.com"]

[Event "Titled Tuesday Blitz October 04 Late 2022"]
[White "Turayev, Shahruh"]
[Black "Bryakin, Mikhail"]
[WhiteFideId "14003856"]
[BlackFideId "4165314"]
[WhiteElo "2613"]
[BlackElo "2367"]
[Result "0-1"]
[Round "07"]
[TimeControl "180+1"]
[Date "2022.10.04"]
[WhiteClock "0:00:18"]
[BlackClock "0:01:17"]

1. e4 e5 2. Nc3 Nf6 3. Bc4 c6 4. d3 d5 5. Bb3 Bd6 6. f4 O-O 7. Nf3 Nbd7 8. O-O exf4 9. Qe1 dxe4 10. dxe4 Re8 11. Qh4 Nc5 12. Bxf4 Nxb3 13. axb3 Bxf4 14. Qxf4 Be6 15. Rad1 Qe7 16. Rd6 Rad8 17. Rfd1 Rxd6 18. Qxd6 Qxd6 19. Rxd6 Kf8 20. e5 Nd7 21. Ng5 Nxe5 22. Nce4 Bf5 23. Nc5 b6 24. Nd3 Nxd3 25. cxd3 c5 26. d4 h6 27. Nf3 Ke7 28. dxc5 bxc5 29. Ra6 Ra8 30. Ne5 Be6 31. Ra3 a6 32. Kf2 Kd6 33. Nd3 a5 34. Ke3 Kc6 35. Kd2 Kb5 36. Kc3 Rd8 37. Ra4 Bf5 38. Nxc5 Rc8 39. b4 axb4+ 40. Rxb4+ Kxc5 41. Rc4+ Kd6 42. Rxc8 Bxc8 43. Kd4 Bb7 44. g3 f5 45. b4 g5 46. b5 Ke6 47. b6 Kd6 0-1


[Site "https://www.chess.com"]

[Event "Titled Tuesday Blitz October 04 Late 2022"]
[White "Vasquez Schroeder, Rodrigo"]
[Black "Goltsev, Dmitry"]
[WhiteFideId "3400042"]
[BlackFideId "24176710"]
[WhiteElo "2577"]
[BlackElo "2257"]
[Result "1-0"]
[Round "07"]
[TimeControl "180+1"]
[Date "2022.10.04"]
[WhiteClock "0:01:35"]
[BlackClock "0:02:12"]

1. e4 e6 2. d4 d5 3. Nc3 Nf6 4. e5 Ne4 5. Nxe4 dxe4 6. Be3 Nd7 7. g3 b6 8. Bg2 Bb7 9. Ne2 c5 10. c3 cxd4 11. cxd4 Bb4+ 12. Nc3 Rc8 13. Rc1 f5 14. exf6 Nxf6 15. Qa4+ Bc6 16. Qxb4 a5 17. Qa3 b5 18. Qb3 Nd5 19. Nxd5 Bxd5 20. Qxb5+ Kf7 21. O-O h5 22. h4 1-0


[Site "https://www.chess.com"]

[Event "Titled Tuesday Blitz October 04 Late 2022"]
[White "Zhigalko, Sergei"]
[Black "Zou, Chen"]
[WhiteFideId "13502956"]
[BlackFideId "8610959"]
[WhiteElo "2662"]
[BlackElo "2325"]
[Result "1-0"]
[Round "07"]
[TimeControl "180+1"]
[Date "2022.10.04"]
[WhiteClock "0:01:02"]
[BlackClock "0:00:17"]

1. e4 e5 2. Nf3 Nc6 3. Bc4 Bc5 4. b4 Bxb4 5. c3 Be7 6. d4 Na5 7. Bd3 d6 8. dxe5 dxe5 9. Nxe5 Nf6 10. O-O O-O 11. Qc2 Nd7 12. Nxd7 Qxd7 13. e5 h6 14. Nd2 Rd8 15. Bh7+ Kh8 16. Be4 Qe6 17. Nf3 Bd7 18. Re1 c5 19. Bf4 Bc6 20. Bf5 Qc4 21. Bg3 Ba4 22. Qc1 Bd7 23. e6 Bxe6 24. Bxe6 fxe6 25. Ne5 Qd5 26. Ng6+ Kh7 27. Nxe7 Qd7 28. Qb1+ Kh8 29. Ng6+ Kg8 30. h4 1-0


[Site "https://www.chess.com"]

[Event "Titled Tuesday Blitz October 04 Late 2022"]
[White "Andreikin, Dmitry"]
[Black "Boros, Denes"]
[WhiteFideId "4158814"]
[BlackFideId "722340"]
[WhiteElo "2736"]
[BlackElo "2464"]
[Result "0-1"]
[Round "08"]
[TimeControl "180+1"]
[Date "2022.10.04"]
[WhiteClock "0:00:03"]
[BlackClock "0:00:13"]

1. Nf3 g6 2. e4 d5 3. exd5 Qxd5 4. Nc3 Qd8 5. d4 Bg7 6. Bc4 Nh6 7. Bf4 Nf5 8. Qd2 O-O 9. O-O-O Nc6 10. d5 Na5 11. Bd3 Nd6 12. h4 Bg4 13. h5 Nac4 14. Bxc4 Nxc4 15. Qd3 b5 16. hxg6 fxg6 17. Bh6 Bxf3 18. gxf3 Qd6 19. Bxg7 Kxg7 20. Rh4 Qf6 21. Rdh1 h5 22. Rg1 Ne5 23. Qe2 Nxf3 24. Rhh1 b4 25. Nb5 Nxg1 26. Rxg1 Qxf2 27. Qxe7+ Rf7 28. Qe5+ Kh7 29. Rd1 Rc8 30. Qe6 Rd8 31. Kb1 Qf5 32. Qe2 Rxd5 33. Rxd5 Qxd5 34. a4 b3 35. Nc3 Qh1+ 36. Nd1 Rd7 37. Kc1 bxc2 38. Kxc2 Qxd1+ 0-1


[Site "https://www.chess.com"]